 Dungeon Crawl Stone Soup version 0.31.0-32-g396128a36d (webtiles) character file.

Game seed: 14777375049310257263

783 3lams the Chopper (level 7, 0/64 HPs)
             Began as a Minotaur Berserker on Apr 13, 2024.
             Was a Priest of Trog.
             Slain by Dowan
             ... wielding a +0 dagger
              (5 damage)
             ... on level 5 of the Dungeon.
             The game lasted 00:11:13 (3078 turns).

3lams the Chopper (Minotaur Berserker)              Turns: 3078, Time: 00:11:14

Health: 0/64       AC:  3    Str: 24    XL:     7   Next: 55%
Magic:  6/6        EV: 13    Int:  4    God:    Trog [***...]
Gold:   270        SH:  0    Dex:  9    Spells: 6/6 levels left

rFire   . . .        a - +0 hand axe
rCold   . . .        (no shield)
rNeg    . . .        b - +1 animal skin
rPois   .            (helmet restricted)
rElec   .            (no cloak)
rCorr   .            (no gloves)
SInv    .            (no boots)
Will    .....        (no amulet)
Stlth   +            (no ring)
HPRegen 0.30/turn    (no ring)
MPRegen 0.10/turn

%: no passive effects
@: no status effects
A: horns 2, retaliatory headbutt
a: Renounce Religion, Berserk, Trog's Hand


You were on level 5 of the Dungeon.
You worshipped Trog.
Trog was most pleased with you.
You visited 1 branch of the dungeon, and saw 5 of its levels.

You collected 270 gold pieces.

Inventory:

Hand Weapons
 a - a +0 hand axe (weapon)
Armour
 b - a +1 animal skin (worn)
Jewellery
 j - an amulet of regeneration
 l - a +6 ring of intelligence
Wands
 h - a wand of polymorph (10)
 i - a wand of flame (18)
Scrolls
 c - a scroll of revelation
 d - 4 scrolls of vulnerability
 k - a scroll of fog
 o - a scroll of identify
Potions
 e - a potion of heal wounds
 f - 4 potions of curing
 g - a potion of mutation {unknown}
 m - a potion of lignification
 n - a potion of might {unknown}


   Skills:
 + Level 6.4 Fighting
 + Level 7.6 Axes
 + Level 2.5 Armour
 + Level 4.9 Dodging
 + Level 1.4 Stealth


You had 6 spell levels left.
You didn't know any spells.
Your spell library was empty.

Dungeon Overview and Level Annotations

Branches:
Dungeon (5/15)
 Temple: D:4-7

Altars:
Ru

Annotations:
D:5 Dowan, Duvessa


Innate Abilities, Weirdness & Mutations

You have a pair of horns on your head.
You reflexively headbutt those who attack you in melee.


Message History

The shadow imp is heavily wounded.
The shadow imp hits you.
You hit the shadow imp. Your headbutt misses the shadow imp.
The shadow imp is almost dead.
The shadow imp shouts, "Get thee gone, thou paunchy hell-hated dandiprat!"
The shadow imp hits you.
You hit the shadow imp.
You kill the shadow imp!
Trog accepts your kill. Duvessa completely misses you.
Dowan hits you with a +0 dagger.
You miss Dowan. You headbutt Dowan.
Dowan is lightly wounded.
You hit Duvessa but do no damage. Duvessa hits you but does no damage.
Dowan hits you with a +0 dagger.
You hit Dowan.
Dowan is moderately wounded.
You hit Duvessa. Duvessa hits you with a +0 short sword!
Dowan hits you with a +0 dagger.
You completely miss Dowan.
Dowan is moderately wounded.
You hit Duvessa. Duvessa barely misses you. Dowan hits you with a +0 dagger.
You barely miss Dowan.
Dowan is moderately wounded.
You barely miss Duvessa. Duvessa hits you but does no damage.
Dowan hits you with a +0 dagger.
You hit Dowan.
Dowan is heavily wounded.
You hit Duvessa but do no damage. Duvessa hits you with a +0 short sword!
Dowan misses you.
You hit Dowan. Your headbutt misses Dowan.
Dowan is heavily wounded.
You closely miss Duvessa. Duvessa hits you with a +0 short sword!
* * * LOW HITPOINT WARNING * * *
Dowan hits you but does no damage.
You barely miss Dowan. Your headbutt misses Dowan.
Dowan is heavily wounded.
You hit Duvessa. Duvessa hits you with a +0 short sword!
* * * LOW HITPOINT WARNING * * *
Dowan hits you with a +0 dagger.
You die...

.. .##...#... ..#
.........# .. ... ....
##.......###.. ...
....##...#.....#..# ...
................... #.#
................... ##.#
........ee[........ ..##
........@.......... #.#.
........$.....#.######<..
....<.........#..#.....#.
..#.....#...........####
.....##.##..........#
....................#####
.####...................>
##............†.#.#..
#..............###


You could see Duvessa and Dowan.

Vanquished Creatures
  The ghost of Saint1 the Trooper, an amateur OpBe of Trog (D:4)
  A black bear (D:4)
  A centaur zombie (D:4)
  2 orc priests
  A centaur skeleton (D:4)
  2 bombardier beetles (D:4)
  Jessica (D:2)
  Natasha (thrice) (D:2)
  An iguana (D:5)
  3 orc wizards (D:4)
  A killer bee zombie (D:4)
  A mummy (D:4)
  3 adders
  A howler monkey skeleton (D:4)
  2 shadow imps
  2 dart slugs
  3 ribbon worms
  5 orcs
  9 ball pythons
  8 endoplasms
  4 giant cockroaches
  5 goblins
  6 hobgoblins
  3 jackals (D:2)
  4 quokkas
  13 bats
  2 frilled lizards
  A hobgoblin zombie (D:4)
  11 kobolds
  A kobold zombie (D:4)
  2 orc zombies (D:4)
  2 rats
105 creatures vanquished.

Notes
Turn   | Place    | Note
-------+----------+-------------------------------------------
     0 | D:1      | 3lams the Minotaur Berserker began the quest for the Orb.
     0 | D:1      | Reached XP level 1. HP: 19/19 MP: 0/0
    79 | D:1      | Reached XP level 2. HP: 18/27 MP: 1/1
   127 | D:1      | Reached skill level 4 in Axes
   332 | D:1      | Reached ** piety under Trog
   333 | D:1      | Reached XP level 3. HP: 26/34 MP: 2/2
   802 | D:2      | Noticed Natasha
   813 | D:2      | Killed Natasha
   814 | D:2      | Reached XP level 4. HP: 30/41 MP: 3/3
   866 | D:2      | Noticed Jessica
   870 | D:2      | Killed Jessica
   871 | D:2      | Reached skill level 5 in Axes
   930 | D:2      | Found a faded altar of an unknown god.
  1247 | D:2      | Noticed Natasha
  1253 | D:2      | Killed Natasha
  1254 | D:2      | Reached XP level 5. HP: 34/47 MP: 4/4
  1287 | D:2      | Noticed Natasha
  1295 | D:2      | Killed Natasha
  1296 | D:2      | Reached skill level 5 in Fighting
  1840 | D:3      | Reached skill level 6 in Axes
  1913 | D:3      | Reached *** piety under Trog
  2036 | D:3      | Found a sacrificial altar of Ru.
  2112 | D:4      | Noticed Saint1's ghost (amateur OpBe)
  2115 | D:4      | Found a transporter.
  2126 | D:4      | Noticed a black bear
  2135 | D:4      | Killed a black bear
  2136 | D:4      | Reached XP level 6. HP: 35/56 MP: 5/5
  2562 | D:4      | Found a sand-covered staircase.
  2582 | D:4      | Reached skill level 1 in Stealth
  2703 | D:4      | Reached XP level 7. HP: 44/62 MP: 6/6
  2743 | D:4      | Reached skill level 7 in Axes
  2831 | D:4      | Found a transporter.
  2853 | D:4      | Killed Saint1's ghost
  3040 | D:5      | Entered Level 5 of the Dungeon
  3063 | D:5      | Noticed Dowan
  3063 | D:5      | Noticed Duvessa
  3078 | D:5      | Slain by Dowan

Illustrated notes

Levels and vault maps discovered:
D:1:      giann_bridges, layout_rooms
D:2:      wad_crossroads, layout_rooms, shapermc_ecumenical_altar_starsandcircs,
          minmay_misc_feat_chi, uniq_natasha, uniq_jessica
D:3:      layout_rooms, nicolae_ru_the_path_less_chosen, chequers_garden,
          dreamdust_princess_corridor, minivault_23
D:4:      layout_loops_ring, lightli_ossuary_entry_decrepit_ruins,
          gammafunk_ghost_mausoleum, minmay_mini_ossuary
D:5:      layout_cave_pools, uniq_ijyb, uniq_duvessa

Skill      XL: |  1  2  3  4  5  6  7 |
---------------+----------------------+-----
Axes           | 4 5 6 7 |  7.6
Fighting       | 4 5 6 |  6.4
Dodging        | 3 4 |  4.9
Stealth        | 1 |  1.4
Armour         | |  2.5

Action                     |  1- 3 |  4- 6 |  7- 9 || total
---------------------------+-------+-------+-------++-------
  Melee: Hand axe          |    79 |   154 |    32 ||   265
         Headbutt          |    13 |    20 |     6 ||    39
         Punch             |     2 |     1 |       ||     3
    Use: Scroll            |     2 |     7 |       ||     9
         Potion            |       |     3 |     1 ||     4
   Stab: Sleeping          |       |     1 |     1 ||     2
 Armour: Animal skin       |    54 |    84 |    36 ||   174
  Dodge: Dodged            |    68 |    84 |    33 ||   185
